| TOP OF THE 1ST |
|
Oregon State University Beavers batting - Pitching for California State University at Fullerton Titans : RHP Yoshida Abe
|
|
Pitching: RHP Yoshida Abe
|
|
|
Batting: RHB Seth Fox
|
0-0: Ball 1-0: Ground out 4-3 (Groundball, 4M, EV 85.0 MPH)
|
|
Batting: RHB Mario Avila
|
0-0: Ball 1-0: Ball 2-0: Ball 3-0: Base on Balls
|
|
Batting: LHB Mike Becerra
|
0-0: Ball 1-0: Called Strike 1-1: Ball Wild Pitch! Mario Avila to second 2-1: Ball 3-1: Foul Ball, location: 2F 3-2: Base on Balls
|
|
Batting: RHB Joel Gomez
|
0-0: Foul Ball, location: 2F 0-1: Ball 1-1: Foul Ball, location: 2F 1-2: Foul Ball, location: 2F 1-2: Ball 2-2: Fly out, F9 (Flyball, 89S, EV 85.0 MPH)
|
|
Batting: RHB Xavier Williams
|
0-0: Foul Ball, location: 2F 0-1: DOUBLE (Groundball, 5L, EV 97.5 MPH) Mario Avila scores Mike Becerra to third Runner from 3rd tries for Home, SAFE, throw by LF to trailing runner, SAFE at third!
|
|
Batting: LHB Carlos Magana
|
0-0: Called Strike 0-1: Foul Ball, location: 2F 0-2: Ball 1-2: Ball 2-2: SINGLE (Groundball, 4D, EV 105.0 MPH) Xavier Williams scores
|
|
Batting: RHB Jesus Ruiz
|
0-0: Ball Wild Pitch! Carlos Magana to second 1-0: Ground out 6-3 (Groundball, 6, EV 103.8 MPH)
|
| Top of the 1st over - 3 runs, 2 hits, 0 errors, 1 left on base; Oregon State University 3 - California State University at Fullerton 0 |
| BOTTOM OF THE 1ST |
|
California State University at Fullerton Titans batting - Pitching for Oregon State University Beavers : RHP Mike Randell
|
|
Pitching: RHP Mike Randell
|
|
|
Batting: LHB Zachery Ballard
|
0-0: Ball 1-0: Foul Ball, location: 2F 1-1: Swinging Strike 1-2: Foul Ball, location: 2F 1-2: SINGLE (Flyball, 5D, EV 87.5 MPH)
|
|
Batting: RHB Manny Olave
|
0-0: Called Strike 0-1: Swinging Strike 0-2: Ball 1-2: Fielders Choice at 2nd, 6-4 (Groundball, 6, EV 91.2 MPH)
|
|
Batting: RHB Mike Hill
|
0-0: Called Strike 0-1: Foul Ball, location: 2F 0-2: Foul Ball, location: 2F 0-2: Ball 1-2: Strikes out swinging
|
|
Batting: RHB Amir Christy
|
0-0: Fly out, F9 (Flyball, 89M, EV 84.4 MPH)
|
| Bottom of the 1st over - 0 runs, 1 hit, 0 errors, 1 left on base; Oregon State University 3 - California State University at Fullerton 0 |
| TOP OF THE 2ND |
|
Oregon State University Beavers batting - Pitching for California State University at Fullerton Titans : RHP Yoshida Abe
|
|
Batting: RHB Itocravo Arrochela
|
0-0: Fly out, F9 (Flyball, 9LS, EV 93.1 MPH)
|
|
Batting: RHB Noel Bodkin
|
0-0: Called Strike 0-1: Called Strike 0-2: Strikes out swinging
|
|
Batting: RHB Seth Fox
|
0-0: Ball 1-0: Fly out, F8 (Flyball, 8LD, EV 99.4 MPH)
|
| Top of the 2nd over - 0 runs, 0 hits, 0 errors, 0 left on base; Oregon State University 3 - California State University at Fullerton 0 |
| BOTTOM OF THE 2ND |
|
California State University at Fullerton Titans batting - Pitching for Oregon State University Beavers : RHP Mike Randell
|
|
Batting: RHB Don Burt
|
0-0: Ball 1-0: Foul Ball, location: 2F 1-1: Ball 2-1: Ball 3-1: SINGLE (Groundball, 34D, EV 101.2 MPH)
|
|
Batting: LHB Mike Fielden
|
Pickoff Throw to First - Error! E1 Don Burt to second 0-0: Ball 1-0: Ball 2-0: Fly out, F8 (Flyball, 89M, EV 81.9 MPH)
|
|
Batting: LHB Walt van der Rest
|
0-0: Ball 1-0: Swinging Strike 1-1: Ball 2-1: Ground out 4-3 (Groundball, 4D, EV 105.0 MPH) Don Burt to third
|
|
Batting: RHB Raul Gomez
|
0-0: Foul Ball, location: 2F 0-1: Called Strike 0-2: Strikes out swinging
|
| Bottom of the 2nd over - 0 runs, 1 hit, 1 error, 1 left on base; Oregon State University 3 - California State University at Fullerton 0 |
| TOP OF THE 3RD |
|
Oregon State University Beavers batting - Pitching for California State University at Fullerton Titans : RHP Yoshida Abe
|
|
Batting: RHB Mario Avila
|
0-0: SINGLE (Groundball, 34D, EV 102.5 MPH)
|
|
Batting: LHB Mike Becerra
|
0-0: Called Strike 0-1: Swinging Strike 0-2: Fielders Choice at 2nd, 4-6 (Groundball, 4, EV 106.9 MPH)
|
|
Batting: RHB Joel Gomez
|
0-0: Ball 1-0: Ball 2-0: Ball 3-0: Foul Ball, location: 2F 3-1: Base on Balls Mike Becerra to second
|
|
Batting: RHB Xavier Williams
|
0-0: Fly out, F8 (Flyball, 89D, EV 85.6 MPH)
|
|
Batting: LHB Carlos Magana
|
0-0: Ball 1-0: Ball 2-0: Swinging Strike 2-1: Foul Ball, location: 2F 2-2: Strikes out swinging
|
| Top of the 3rd over - 0 runs, 1 hit, 0 errors, 2 left on base; Oregon State University 3 - California State University at Fullerton 0 |
| BOTTOM OF THE 3RD |
|
California State University at Fullerton Titans batting - Pitching for Oregon State University Beavers : RHP Mike Randell
|
|
Batting: RHB Oscar Ferrer
|
0-0: Ball 1-0: Foul Ball, location: 2F 1-1: Ball 2-1: Ball 3-1: Fly out, F9 (Flyball, 9D, EV 87.5 MPH)
|
|
Batting: LHB Zachery Ballard
|
0-0: Ball 1-0: Fly out, F7 (Flyball, 7D, EV 100.0 MPH)
|
|
Batting: RHB Manny Olave
|
0-0: Swinging Strike 0-1: Ball 1-1: Fly out, F8 (Line Drive, 8LD, EV 96.9 MPH)
|
| Bottom of the 3rd over - 0 runs, 0 hits, 0 errors, 0 left on base; Oregon State University 3 - California State University at Fullerton 0 |
| TOP OF THE 4TH |
|
Oregon State University Beavers batting - Pitching for California State University at Fullerton Titans : RHP Yoshida Abe
|
|
Batting: RHB Jesus Ruiz
|
0-0: Swinging Strike 0-1: Called Strike 0-2: Ground out 5-3 (Groundball, 56, EV 96.9 MPH)
|
|
Batting: RHB Itocravo Arrochela
|
0-0: Called Strike 0-1: SINGLE (Groundball, 4, EV 95.0 MPH)
|
|
Batting: RHB Noel Bodkin
|
0-0: Swinging Strike 0-1: Ball 1-1: Ball 2-1: Swinging Strike 2-2: Strikes out swinging
|
|
Batting: RHB Seth Fox
|
0-0: Ball 1-0: Ball 2-0: DOUBLE (Flyball, 8RXD, EV 98.1 MPH) Itocravo Arrochela to third Runner from 3rd tries for Home, SAFE, throw by CF to home
|
|
Batting: RHB Mario Avila
|
0-0: SINGLE (Flyball, 3D, EV 98.8 MPH) Seth Fox to third Runner from 3rd tries for Home, SAFE, throw by RF to home
|
|
Batting: LHB Mike Becerra
|
0-0: Ball 1-0: Ball 2-0: Called Strike 2-1: Ball 3-1: Called Strike 3-2: Foul Ball, location: 2F 3-2: Foul Ball, location: 2F 3-2: Strikes out looking
|
| Top of the 4th over - 2 runs, 3 hits, 0 errors, 1 left on base; Oregon State University 5 - California State University at Fullerton 0 |
| BOTTOM OF THE 4TH |
|
California State University at Fullerton Titans batting - Pitching for Oregon State University Beavers : RHP Mike Randell
|
|
Batting: RHB Mike Hill
|
0-0: Foul Ball, location: 2F 0-1: Foul Ball, location: 2F 0-2: Ball 1-2: Strikes out swinging
|
|
Batting: RHB Amir Christy
|
0-0: Foul Ball, location: 2F 0-1: Ground out 6-3 (Groundball, 6, EV 85.0 MPH)
|
|
Batting: RHB Don Burt
|
0-0: Ball 1-0: SINGLE (Groundball, 6S, EV 70.0 MPH) (infield hit)
|
|
Batting: LHB Mike Fielden
|
0-0: Called Strike 0-1: Fielders Choice at 2nd, 6-4 (Groundball, 6, EV 83.8 MPH)
|
| Bottom of the 4th over - 0 runs, 1 hit, 0 errors, 1 left on base; Oregon State University 5 - California State University at Fullerton 0 |
| TOP OF THE 5TH |
|
Oregon State University Beavers batting - Pitching for California State University at Fullerton Titans : RHP Yoshida Abe
|
|
Batting: RHB Joel Gomez
|
0-0: Called Strike 0-1: Foul Ball, location: 2F 0-2: Ball 1-2: Ball 2-2: Ball 3-2: Strikes out looking
|
|
Pitching: RHP Kyle Meade
|
|
|
Batting: RHB Xavier Williams
|
0-0: Fly out, F5 (Line Drive, 5, EV 71.9 MPH)
|
|
Pitching: RHP Justin Swanson
|
|
|
Batting: LHB Carlos Magana
|
0-0: Ball 1-0: Called Strike 1-1: Foul Ball, location: 2F 1-2: Ball 2-2: Ball 3-2: Ground out 6-3 (Groundball, 56, EV 105.6 MPH)
|
| Top of the 5th over - 0 runs, 0 hits, 0 errors, 0 left on base; Oregon State University 5 - California State University at Fullerton 0 |
| BOTTOM OF THE 5TH |
|
California State University at Fullerton Titans batting - Pitching for Oregon State University Beavers : RHP Mike Randell
|
|
Batting: LHB Walt van der Rest
|
0-0: Ball 1-0: Called Strike 1-1: Swinging Strike 1-2: Ground out U3 (Groundball, 3, EV 100.6 MPH)
|
|
Batting: RHB Raul Gomez
|
0-0: Called Strike 0-1: Ball 1-1: Ball 2-1: Fly out, F8 (Flyball, 8RS, EV 86.9 MPH)
|
|
Batting: RHB Oscar Ferrer
|
0-0: Ball 1-0: Ball 2-0: Swinging Strike 2-1: Foul Ball, location: 2F 2-2: Strikes out swinging
|
| Bottom of the 5th over - 0 runs, 0 hits, 0 errors, 0 left on base; Oregon State University 5 - California State University at Fullerton 0 |
| TOP OF THE 6TH |
|
Oregon State University Beavers batting - Pitching for California State University at Fullerton Titans : RHP Justin Swanson
|
|
Batting: RHB Jesus Ruiz
|
0-0: Ball 1-0: Foul Ball, location: 2F 1-1: Ball 2-1: Foul Ball, location: 2F 2-2: Strikes out swinging
|
|
Batting: RHB Itocravo Arrochela
|
0-0: SINGLE (Flyball, 34D, EV 93.8 MPH)
|
|
Batting: RHB Noel Bodkin
|
0-0: Foul Ball, location: 2F 0-1: Foul Ball, location: 2F 0-2: Foul Ball, location: 2F 0-2: Foul Ball, location: 2F 0-2: Ball 1-2: Foul Ball, location: 2F 1-2: Foul Ball, location: 2F 1-2: Ball 2-2: Strikes out swinging
|
|
Batting: RHB Seth Fox
|
0-0: Ground out 6-3 (Groundball, 6S, EV 85.6 MPH)
|
| Top of the 6th over - 0 runs, 1 hit, 0 errors, 1 left on base; Oregon State University 5 - California State University at Fullerton 0 |
| BOTTOM OF THE 6TH |
|
California State University at Fullerton Titans batting - Pitching for Oregon State University Beavers : RHP Mike Randell
|
|
Batting: LHB Zachery Ballard
|
0-0: Swinging Strike 0-1: Ball 1-1: Ball 2-1: Ball 3-1: Called Strike 3-2: Foul Ball, location: 2F 3-2: Foul Ball, location: 2F 3-2: Foul Ball, location: 2F 3-2: Foul Ball, location: 2F 3-2: Fly out, F7 (Flyball, 78S, EV 91.2 MPH)
|
|
Batting: RHB Manny Olave
|
0-0: Ball 1-0: Foul Ball, location: 2F 1-1: Ball 2-1: SINGLE (Groundball, 34D, EV 101.9 MPH)
|
|
Pitching: RHP Jordan Lopez
|
|
|
Batting: RHB Mike Hill
|
0-0: Ball 1-0: Called Strike 1-1: Called Strike 1-2: Foul Ball, location: 2F 1-2: Ball 2-2: Fly out, F7 (Flyball, 7LM, EV 81.9 MPH)
|
|
Batting: RHB Amir Christy
|
0-0: Called Strike 0-1: Ball 1-1: Ball 2-1: Called Strike 2-2: DOUBLE (Line Drive, 9LS, EV 100.0 MPH) Manny Olave to third
|
|
Batting: RHB Don Burt
|
0-0: Ball 1-0: Foul Ball, location: 2F 1-1: SINGLE (Groundball, 5S, EV 70.0 MPH) (infield hit) Manny Olave scores Amir Christy to third
|
|
Batting: LHB Mike Fielden
|
0-0: Called Strike 0-1: Foul Ball, location: 2F 0-2: Ball 1-2: Strikes out swinging
|
| Bottom of the 6th over - 1 run, 3 hits, 0 errors, 2 left on base; Oregon State University 5 - California State University at Fullerton 1 |
| TOP OF THE 7TH |
|
Oregon State University Beavers batting - Pitching for California State University at Fullerton Titans : RHP Justin Swanson
|
|
Pitching: RHP Jimmy Loudner
|
|
|
Batting: RHB Mario Avila
|
0-0: Called Strike 0-1: Ball 1-1: Swinging Strike 1-2: SOLO HOME RUN (Flyball, 89XD, EV 106.2 MPH), Distance : 410 ft
|
|
Batting: LHB Mike Becerra
|
0-0: Ball 1-0: Called Strike 1-1: Called Strike 1-2: Ball 2-2: Fly out, F4 (Popup, 4, EV 65.0 MPH)
|
|
Batting: RHB Joel Gomez
|
0-0: Ball 1-0: Called Strike 1-1: Called Strike 1-2: Foul Ball, location: 2F 1-2: Foul Ball, location: 2F 1-2: Strikes out swinging
|
|
Batting: RHB Xavier Williams
|
0-0: Swinging Strike 0-1: Fly out, F6 (Popup, 6M, EV 76.9 MPH)
|
| Top of the 7th over - 1 run, 1 hit, 0 errors, 0 left on base; Oregon State University 6 - California State University at Fullerton 1 |
| BOTTOM OF THE 7TH |
|
California State University at Fullerton Titans batting - Pitching for Oregon State University Beavers : RHP Jordan Lopez
|
|
Batting: LHB Walt van der Rest
|
0-0: Ball 1-0: Ground out 6-3 (Groundball, 6, EV 81.9 MPH)
|
|
Batting: RHB Raul Gomez
|
0-0: Ball 1-0: Fly out, F8 (Flyball, 8RD, EV 98.8 MPH)
|
|
Batting: RHB Oscar Ferrer
|
0-0: Ball 1-0: DOUBLE (Line Drive, 9LS, EV 106.2 MPH)
|
|
Batting: LHB Zachery Ballard
|
0-0: Ball 1-0: Ball 2-0: Called Strike 2-1: Called Strike 2-2: Ball 3-2: Foul Ball, location: 2F 3-2: Fly out, F5 (Popup, 5SF, EV 78.1 MPH)
|
| Bottom of the 7th over - 0 runs, 1 hit, 0 errors, 1 left on base; Oregon State University 6 - California State University at Fullerton 1 |
| TOP OF THE 8TH |
|
Oregon State University Beavers batting - Pitching for California State University at Fullerton Titans : RHP Jimmy Loudner
|
|
Batting: LHB Carlos Magana
|
0-0: Swinging Strike 0-1: Swinging Strike 0-2: Ball 1-2: Ball 2-2: Foul Ball, location: 2F 2-2: Ball 3-2: Foul Ball, location: 2F 3-2: Strikes out swinging
|
|
Batting: RHB Jesus Ruiz
|
0-0: Ground out 6-3 (Groundball, 6, EV 106.2 MPH)
|
|
Batting: RHB Itocravo Arrochela
|
0-0: Ball 1-0: Called Strike 1-1: Ball 2-1: Called Strike 2-2: Foul Ball, location: 2F 2-2: Ball 3-2: Foul Ball, location: 2F 3-2: Foul Ball, location: 2F 3-2: Foul Ball, location: 2F 3-2: Strikes out swinging
|
| Top of the 8th over - 0 runs, 0 hits, 0 errors, 0 left on base; Oregon State University 6 - California State University at Fullerton 1 |
| BOTTOM OF THE 8TH |
|
California State University at Fullerton Titans batting - Pitching for Oregon State University Beavers : RHP Jordan Lopez
|
|
Batting: RHB Manny Olave
|
0-0: Ball 1-0: Ball 2-0: SOLO HOME RUN (Line Drive, 78XD, EV 107.5 MPH), Distance : 423 ft
|
|
Batting: RHB Mike Hill
|
0-0: Foul Ball, location: 2F 0-1: Called Strike 0-2: Foul Ball, location: 2F 0-2: Strikes out swinging
|
|
Batting: RHB Amir Christy
|
0-0: Called Strike 0-1: Fly out, F4 (Popup, 4D, EV 51.2 MPH)
|
|
Batting: RHB Don Burt
|
0-0: Ball 1-0: Called Strike 1-1: Ball 2-1: Foul Ball, location: 2F 2-2: Fly out, F8 (Line Drive, 8LM, EV 110.0 MPH)
|
| Bottom of the 8th over - 1 run, 1 hit, 0 errors, 0 left on base; Oregon State University 6 - California State University at Fullerton 2 |
| TOP OF THE 9TH |
|
Oregon State University Beavers batting - Pitching for California State University at Fullerton Titans : RHP Jimmy Loudner
|
|
Pitching: RHP Dave Williams
|
|
|
Batting: RHB Noel Bodkin
|
0-0: Swinging Strike 0-1: SINGLE (Line Drive, 34D, EV 93.8 MPH)
|
|
Batting: RHB Seth Fox
|
0-0: Sac Bunt to 5S - play at first, batter OUT! 5-3 Noel Bodkin to second
|
|
Batting: RHB Mario Avila
|
0-0: Ball Balk! Noel Bodkin to third 1-0: Ball 2-0: Called Strike 2-1: Ball 3-1: Called Strike 3-2: Strikes out swinging
|
|
Batting: LHB Mike Becerra
|
0-0: Swinging Strike 0-1: Ground out U3 (Groundball, 3, EV 76.9 MPH)
|
| Top of the 9th over - 0 runs, 1 hit, 0 errors, 1 left on base; Oregon State University 6 - California State University at Fullerton 2 |
| BOTTOM OF THE 9TH |
|
California State University at Fullerton Titans batting - Pitching for Oregon State University Beavers : RHP Jordan Lopez
|
|
Pitching: RHP Mike Barnhill
|
|
|
Batting: LHB Mike Fielden
|
0-0: Called Strike 0-1: Swinging Strike 0-2: Strikes out swinging
|
|
Pinch Hitting: RHB Nate Dabney
|
0-0: Ball 1-0: Foul Ball, location: 2F 1-1: Swinging Strike 1-2: Ball 2-2: Ball 3-2: Ground out 5-3 (Groundball, 56, EV 105.0 MPH)
|
|
Pinch Hitting: LHB Alex Larangho
|
0-0: Ball 1-0: Fly out, F8 (Flyball, 8RD, EV 86.9 MPH)
|
| Bottom of the 9th over - 0 runs, 0 hits, 0 errors, 0 left on base; Oregon State University 6 - California State University at Fullerton 2 |
|